[Event "26th OIBM 2023"]
[Site "Gmund am Tegernsee"]
[Date "2023.11.05"]
[Round "9.27"]
[White "Litzka, Richard"]
[Black "Wyss, Jonas"]
[Result "1-0"]
[ECO "B13"]
[WhiteElo "2036"]
[BlackElo "2265"]
[Annotator "RC"]
[PlyCount "71"]
[EventDate "2023.10.04"]
[EventType "swiss"]
[EventCountry "GER"]
[SourceTitle "playchess.com"]
[Source "ChessBase"]
[SourceQuality "1"]
[TimeControl "40/5400+30:1800+30"]

1. e4 c6 2. d4 d5 3. exd5 cxd5 4. Bd3 Nc6 5. c3 Nf6 6. h3 e5 7. dxe5 Nxe5 8. Nf3 Nxd3+ 9. Qxd3 Bd6 10. O-O O-O 11. Be3 Re8 12. Nbd2 Ne4 13. Rfd1 Bf5 14. Nf1 Qf6 15. Qxd5 Rad8 16. Bd4 Qg6 17. Nh4 Bh2+ 18. Kxh2 Rxd5 19. Nxg6 hxg6 20. Ne3 Ra5 21. Nxf5 gxf5 22. a4 b5 23. axb5 Rxb5 24. b4 Rb7 25. f3 Ng5 26. Rxa7 Rxa7 27. Bxa7 Re2 28. Kg3 f4+ 29. Kxf4 Rxg2 30. b5 Nxh3+ 31. Ke3 Rb2 32. b6 f5 33. Rd7 f4+ 34. Kd3 Ng5 35. b7 Nxf3 36. b8=Q+ 1-0

[Event "26th OIBM 2023"]
[Site "Gmund am Tegernsee"]
[Date "2023.11.05"]
[Round "9.28"]
[White "Weitzer, Steffen"]
[Black "Beisteiner, Joachim"]
[Result "1-0"]
[ECO "C43"]
[WhiteElo "2256"]
[BlackElo "2115"]
[Annotator "RC"]
[PlyCount "49"]
[EventDate "2023.10.04"]
[EventType "swiss"]
[EventCountry "GER"]
[SourceTitle "playchess.com"]
[Source "ChessBase"]
[SourceQuality "1"]
[TimeControl "40/5400+30:1800+30"]

1. e4 e5 2. Nf3 Nf6 3. d4 Nxe4 4. Bd3 d5 5. Nxe5 Nd7 6. O-O Bd6 7. Bxe4 dxe4 8. Nc4 O-O 9. Nxd6 cxd6 10. Nc3 f5 11. f3 exf3 12. Qxf3 Qb6 13. Qd5+ Kh8 14. Nb5 Rf6 15. Bf4 Ne5 16. Rae1 Bd7 17. Nxd6 Rxd6 18. Qxe5 Rg6 19. Qc5 Bc6 20. Rf2 Qxb2 21. d5 b6 22. Qc4 Be8 23. Be5 Qb5 24. Rxf5 h6 25. Rf8+ 1-0

[Event "26th OIBM 2023"]
[Site "Gmund am Tegernsee"]
[Date "2023.11.05"]
[Round "9.29"]
[White "Hoy, Bernd"]
[Black "Renner, Kai"]
[Result "1/2-1/2"]
[ECO "A80"]
[WhiteElo "2251"]
[BlackElo "2103"]
[Annotator "RC"]
[PlyCount "22"]
[EventDate "2023.10.04"]
[EventType "swiss"]
[EventCountry "GER"]
[SourceTitle "playchess.com"]
[Source "ChessBase"]
[SourceQuality "1"]
[TimeControl "40/5400+30:1800+30"]

1. d4 f5 2. h3 Nf6 3. g4 d5 4. g5 Ne4 5. Bf4 e6 6. Nf3 Bd6 7. Bxd6 Qxd6 8. c3 O-O 9. Ne5 Nxg5 10. Rg1 Nf7 11. f4 Nxe5 1/2-1/2

[Event "26th OIBM 2023"]
[Site "Gmund am Tegernsee"]
[Date "2023.11.05"]
[Round "9.30"]
[White "Strahl, Christian"]
[Black "Cordts, Ingo"]
[Result "1/2-1/2"]
[ECO "B40"]
[WhiteElo "1857"]
[BlackElo "2242"]
[Annotator "RC"]
[PlyCount "59"]
[EventDate "2023.10.04"]
[EventType "swiss"]
[EventCountry "GER"]
[SourceTitle "playchess.com"]
[Source "ChessBase"]
[SourceQuality "1"]
[TimeControl "40/5400+30:1800+30"]

1. e4 c5 2. Nf3 e6 3. b4 b6 4. bxc5 bxc5 5. Nc3 Nc6 6. Bb5 Qc7 7. O-O Nge7 8. d4 Nxd4 9. Nxd4 cxd4 10. Qxd4 Nc6 11. Bxc6 Qxc6 12. Rb1 f6 13. Be3 Ba6 14. Rfd1 d6 15. a4 Be7 16. Nb5 Bxb5 17. axb5 Qb7 18. Rb2 a6 19. b6 Kf7 20. Rd3 Rhc8 21. Rc3 Rxc3 22. Qxc3 Bd8 23. Qd3 Be7 24. Qc4 Rc8 25. Qxc8 Qxc8 26. b7 Qb8 27. c3 d5 28. Ba7 Qf4 29. Be3 Qb8 30. Ba7 1/2-1/2

[Event "26th OIBM 2023"]
[Site "Gmund am Tegernsee"]
[Date "2023.11.05"]
[Round "9.31"]
[White "Ghazarian, Kirk"]
[Black "Engesser, Jonas"]
[Result "1-0"]
[ECO "E73"]
[WhiteElo "2473"]
[BlackElo "2100"]
[Annotator "RC"]
[PlyCount "105"]
[EventDate "2023.10.04"]
[EventType "swiss"]
[EventCountry "GER"]
[SourceTitle "playchess.com"]
[Source "ChessBase"]
[SourceQuality "1"]
[TimeControl "40/5400+30:1800+30"]

1. d4 Nf6 2. c4 g6 3. Nc3 Bg7 4. e4 d6 5. Be2 O-O 6. h4 c5 7. d5 e6 8. h5 exd5 9. exd5 Re8 10. h6 Bh8 11. Bg5 Qb6 12. b3 Ne4 13. Nxe4 Rxe4 14. Kf1 Nd7 15. Nf3 Ne5 16. Nxe5 Bxe5 17. Rc1 Qa5 18. Qd2 Qxd2 19. Bxd2 Bd4 20. Bd3 Re8 21. g3 Bg4 22. Kg2 Re7 23. Rhe1 Rae8 24. Rxe7 Rxe7 25. Bf4 Be5 26. Bg5 f6 27. Be3 Bd7 28. Rc2 Kf7 29. f4 Ba1 30. Kf2 f5 31. b4 b6 32. bxc5 bxc5 33. Rc1 Bf6 34. Rb1 Bc8 35. Rb8 Ba6 36. Ra8 Rb7 37. Kf3 Re7 38. Bd2 Bb7 39. Rb8 Ba6 40. g4 fxg4+ 41. Kxg4 Rc7 42. f5 Bc8 43. Bf4 Bxf5+ 44. Bxf5 gxf5+ 45. Kxf5 Rd7 46. a4 Bc3 47. Rb3 Be1 48. Rb1 Bc3 49. Rb3 Be1 50. Re3 Bd2 51. Rg3 Bxf4 52. Rg7+ Ke8 53. Ke4 1-0

[Event "26th OIBM 2023"]
[Site "Gmund am Tegernsee"]
[Date "2023.11.05"]
[Round "9.33"]
[White "Ernst, Robert"]
[Black "Dolzhykova, Kateryna"]
[Result "0-1"]
[ECO "E44"]
[WhiteElo "2093"]
[BlackElo "2336"]
[Annotator "RC"]
[PlyCount "98"]
[EventDate "2023.10.04"]
[EventType "swiss"]
[EventCountry "GER"]
[SourceTitle "playchess.com"]
[Source "ChessBase"]
[SourceQuality "1"]
[TimeControl "40/5400+30:1800+30"]

1. d4 Nf6 2. c4 e6 3. Nc3 Bb4 4. e3 b6 5. Nge2 Ne4 6. Bd2 Nxd2 7. Qxd2 O-O 8. a3 Be7 9. Nf4 c6 10. Bd3 d5 11. cxd5 exd5 12. b4 b5 13. a4 Bxb4 14. axb5 c5 15. Nfxd5 Bb7 16. Nxb4 cxb4 17. Ne4 Qh4 18. Nd6 Bxg2 19. Nf5 Qh3 20. Rg1 g6 21. f4 Bb7 22. O-O-O a6 23. Rg3 Qh5 24. Rg5 Qf3 25. Rf1 Qh3 26. Rfg1 Qf3 27. R5g3 Qh5 28. Qxb4 Nd7 29. Qe7 axb5 30. h4 Ra1+ 31. Kb2 Rxg1 32. Rxg1 Qf3 33. Rc1 Bc6 34. Nd6 Nb6 35. Nxb5 Re8 36. Qc7 Bxb5 37. Bxb5 Nd5 38. Qd7 Rxe3 39. Bc4 Ne7 40. Qe8+ Kg7 41. Qxf7+ Kh6 42. Rc2 Nf5 43. Qf8+ Kh5 44. Qf6 Qb7+ 45. Ka2 Qa8+ 46. Ba6 Qd5+ 47. Bc4 Qa5+ 48. Kb1 Qb4+ 49. Ka1 Qa3+ 0-1

[Event "26th OIBM 2023"]
[Site "Gmund am Tegernsee"]
[Date "2023.11.05"]
[Round "9.34"]
[White "Chassard, Cedric"]
[Black "Tillmann, Markus"]
[Result "0-1"]
[ECO "C78"]
[WhiteElo "2326"]
[BlackElo "2085"]
[Annotator "RC"]
[PlyCount "62"]
[EventDate "2023.10.04"]
[EventType "swiss"]
[EventCountry "GER"]
[SourceTitle "playchess.com"]
[Source "ChessBase"]
[SourceQuality "1"]
[TimeControl "40/5400+30:1800+30"]

1. e4 e5 2. Nf3 Nc6 3. Bb5 a6 4. Ba4 Nf6 5. O-O b5 6. Bb3 Bc5 7. c3 d6 8. a4 Bb7 9. Qe2 O-O 10. d3 b4 11. a5 h6 12. Nbd2 Re8 13. d4 exd4 14. cxd4 Nxd4 15. Nxd4 Bxd4 16. Qc4 Bc5 17. Qxf7+ Kh8 18. Bc2 Nxe4 19. Nb3 Rf8 20. Qh5 Rxf2 21. Rxf2 Bxf2+ 22. Kh1 Qf6 23. Nd2 Bc5 24. Qe2 Rf8 25. Nf3 Nf2+ 26. Kg1 Ng4+ 27. Kh1 Ne5 28. Bd2 Nxf3 29. Rf1 Qe5 30. Rxf3 Rxf3 31. Qxf3 Bxf3 0-1

[Event "26th OIBM 2023"]
[Site "Gmund am Tegernsee"]
[Date "2023.11.05"]
[Round "9.35"]
[White "Kulon, Klaudia"]
[Black "Casadio, Niccolo`"]
[Result "1-0"]
[ECO "E71"]
[WhiteElo "2319"]
[BlackElo "2082"]
[Annotator "RC"]
[PlyCount "123"]
[EventDate "2023.10.04"]
[EventType "swiss"]
[EventCountry "GER"]
[SourceTitle "playchess.com"]
[Source "ChessBase"]
[SourceQuality "1"]
[TimeControl "40/5400+30:1800+30"]

1. c4 Nf6 2. Nc3 g6 3. e4 d6 4. d4 Bg7 5. h3 O-O 6. Be3 Nbd7 7. Qd2 e5 8. d5 Qe7 9. g4 Nc5 10. f3 a5 11. h4 h5 12. g5 Nh7 13. O-O-O f5 14. gxf6 Bxf6 15. Qg2 Kg7 16. Nb5 Bxh4 17. Nxc7 Rb8 18. Nb5 Bg5 19. Bxg5 Qxg5+ 20. Rd2 Rf6 21. Qe2 Bd7 22. Nc3 Rbf8 23. Kc2 Qf4 24. Qe1 Qh6 25. Rg2 Kh8 26. Be2 Rf4 27. Rgh2 b6 28. Qg3 Nf6 29. Nh3 Bxh3 30. Rxh3 g5 31. Nb5 g4 32. fxg4 Ncxe4 33. Qe3 Qg6 34. Bd3 Qxg4 35. Rg1 Rf2+ 36. Qxf2 Nxf2 37. Rxg4 Nxh3 38. Rh4 Nf4 39. Nxd6 Nxd3 40. Kxd3 Kg7 41. Ne4 Ng4 42. Rxh5 Rf3+ 43. Kd2 Rf4 44. Nd6 e4 45. Rf5 Rxf5 46. Nxf5+ Kf6 47. Ne3 Nh2 48. Kc3 Nf3 49. a3 Ke5 50. b4 axb4+ 51. axb4 Kd6 52. Kb3 Ke5 53. c5 b5 54. c6 Kd6 55. Kc3 Ne5 56. Nf5+ Kc7 57. Nd4 Ng4 58. Nxb5+ Kb6 59. c7 Kb7 60. d6 Nf6 61. Kd4 Ne8 62. Kxe4 1-0

[Event "26th OIBM 2023"]
[Site "Gmund am Tegernsee"]
[Date "2023.11.05"]
[Round "9.36"]
[White "Lavrencic, Matic"]
[Black "Hanisch, Sebastian"]
[Result "1-0"]
[ECO "B40"]
[WhiteElo "2319"]
[BlackElo "2070"]
[Annotator "RC"]
[PlyCount "51"]
[EventDate "2023.10.04"]
[EventType "swiss"]
[EventCountry "GER"]
[SourceTitle "playchess.com"]
[Source "ChessBase"]
[SourceQuality "1"]
[TimeControl "40/5400+30:1800+30"]

1. e4 c5 2. Nf3 e6 3. b3 Nc6 4. Bb2 Nf6 5. e5 Nd5 6. Nc3 Nxc3 7. dxc3 Be7 8. Bd3 Qc7 9. Qe2 b6 10. O-O-O Bb7 11. Kb1 O-O-O 12. c4 f5 13. exf6 Bxf6 14. Be4 h6 15. Rhe1 Bxb2 16. Kxb2 g5 17. h3 Rhf8 18. Rd2 Rf6 19. Red1 Ne7 20. Bxb7+ Kxb7 21. Rd6 Nd5 22. R1xd5 exd5 23. Rxf6 dxc4 24. Qxc4 d5 25. Qe2 Qg7 26. Qe5 1-0

[Event "26th OIBM 2023"]
[Site "Gmund am Tegernsee"]
[Date "2023.11.05"]
[Round "9.37"]
[White "Butenandt, Svenja"]
[Black "Dobrosmyslov, Artem"]
[Result "1/2-1/2"]
[ECO "D20"]
[WhiteElo "2082"]
[BlackElo "2316"]
[Annotator "RC"]
[PlyCount "89"]
[EventDate "2023.10.04"]
[EventType "swiss"]
[EventCountry "GER"]
[SourceTitle "playchess.com"]
[Source "ChessBase"]
[SourceQuality "1"]
[TimeControl "40/5400+30:1800+30"]

1. d4 d5 2. c4 dxc4 3. e4 b5 4. a4 c6 5. axb5 cxb5 6. Nc3 Qb6 7. b3 e6 8. bxc4 Bb4 9. Bd2 bxc4 10. Bxc4 Ne7 11. Nf3 Bb7 12. Qe2 O-O 13. O-O a5 14. Na4 Qc6 15. Bd3 Ba6 16. Rfc1 Bxd3 17. Qxd3 Qa6 18. Qxa6 Rxa6 19. Nc5 Rb6 20. Bf4 Rb5 21. Bd6 Nbc6 22. Ne5 Rd8 23. Bc7 Rc8 24. Nxc6 Nxc6 25. Na6 Nxd4 26. Rd1 Nb3 27. Rab1 Nc5 28. Nxc5 Rxc5 29. Bd6 Rc4 30. Bxb4 axb4 31. f3 g5 32. Kf2 Rc2+ 33. Kg3 R8c4 34. Rd8+ Kg7 35. Rb8 Re2 36. R8xb4 Rcc2 37. Rg1 Kg6 38. Rbb1 h5 39. Rbe1 h4+ 40. Kh3 Rf2 41. Ref1 f5 42. Rxf2 Rxf2 43. exf5+ exf5 44. Ra1 Kh5 45. Ra5 1/2-1/2

[Event "26th OIBM 2023"]
[Site "Gmund am Tegernsee"]
[Date "2023.11.05"]
[Round "9.38"]
[White "Jerie, Sven"]
[Black "Schuster, Karsten"]
[Result "0-1"]
[ECO "B15"]
[WhiteElo "2055"]
[BlackElo "2309"]
[Annotator "RC"]
[PlyCount "80"]
[EventDate "2023.10.04"]
[EventType "swiss"]
[EventCountry "GER"]
[SourceTitle "playchess.com"]
[Source "ChessBase"]
[SourceQuality "1"]
[TimeControl "40/5400+30:1800+30"]

1. e4 c6 2. d4 d5 3. Nc3 dxe4 4. Nxe4 Nf6 5. Nxf6+ exf6 6. c3 Bd6 7. Bd3 O-O 8. Qc2 Re8+ 9. Ne2 h5 10. Be3 Nd7 11. O-O-O Nf8 12. Nf4 Bxf4 13. Bxf4 b5 14. h3 Be6 15. Kb1 a5 16. Rhg1 a4 17. g4 Qd5 18. c4 Qf3 19. Be3 Bxc4 20. Bxc4 bxc4 21. Qxc4 h4 22. Rc1 Re6 23. Rc3 Ng6 24. Ra3 Nf4 25. Bc1 Qxf2 26. Rf1 Qe2 27. Rc3 Qxc4 28. Rxc4 Nxh3 29. Rh1 Nf2 30. Rxh4 g5 31. Rh5 Kg7 32. Rc2 Nxg4 33. Rg2 Kg6 34. Rh3 f5 35. Rc3 f6 36. Rgc2 f4 37. Rxc6 Rxc6 38. Rxc6 f3 39. Bd2 f2 40. Rc1 Nh2 0-1

[Event "26th OIBM 2023"]
[Site "Gmund am Tegernsee"]
[Date "2023.11.05"]
[Round "9.39"]
[White "Semprun Martinez, Fernando"]
[Black "Karsay, Pascal"]
[Result "0-1"]
[ECO "C84"]
[WhiteElo "2064"]
[BlackElo "2301"]
[Annotator "RC"]
[PlyCount "50"]
[EventDate "2023.10.04"]
[EventType "swiss"]
[EventCountry "GER"]
[SourceTitle "playchess.com"]
[Source "ChessBase"]
[SourceQuality "1"]
[TimeControl "40/5400+30:1800+30"]

1. e4 e5 2. Nf3 Nc6 3. Bb5 a6 4. Ba4 Nf6 5. O-O b5 6. Bb3 Bb7 7. d3 Be7 8. Nc3 O-O 9. Nd5 d6 10. Nxe7+ Qxe7 11. c3 Na5 12. Bc2 c5 13. b4 cxb4 14. cxb4 Nc6 15. a3 d5 16. exd5 Nxd5 17. Re1 Qd6 18. d4 exd4 19. Ng5 Nf6 20. Qd3 Rfe8 21. Bb2 h6 22. Ne4 Rxe4 23. Rxe4 Nxb4 24. Rxd4 Nxd3 25. Rxd6 Nxb2 0-1

[Event "26th OIBM 2023"]
[Site "Gmund am Tegernsee"]
[Date "2023.11.05"]
[Round "9.40"]
[White "Dubessay, Bastien"]
[Black "Roemhild, Marcus"]
[Result "1-0"]
[ECO "E81"]
[WhiteElo "2286"]
[BlackElo "2050"]
[Annotator "RC"]
[PlyCount "53"]
[EventDate "2023.10.04"]
[EventType "swiss"]
[EventCountry "GER"]
[SourceTitle "playchess.com"]
[Source "ChessBase"]
[SourceQuality "1"]
[TimeControl "40/5400+30:1800+30"]

1. d4 g6 2. c4 Bg7 3. e4 c5 4. d5 d6 5. f3 Nf6 6. Nc3 O-O 7. Bg5 h6 8. Be3 Kh7 9. Qd2 a6 10. Nge2 Bd7 11. a4 b6 12. Ng3 h5 13. Bd3 Ra7 14. O-O e6 15. Bg5 Qe8 16. f4 e5 17. f5 Ng8 18. f6 Bh6 19. h4 Bg4 20. Nd1 Qc8 21. Ne3 Re8 22. Be2 Bxe2 23. Qxe2 Nd7 24. Nxh5 gxh5 25. Qxh5 Qd8 26. Qxf7+ Kh8 27. Bxh6 1-0

[Event "26th OIBM 2023"]
[Site "Gmund am Tegernsee"]
[Date "2023.11.05"]
[Round "9.41"]
[White "Holgert, Michael"]
[Black "Maier, Alexander"]
[Result "1-0"]
[ECO "B06"]
[WhiteElo "2051"]
[BlackElo "2277"]
[Annotator "RC"]
[PlyCount "99"]
[EventDate "2023.10.04"]
[EventType "swiss"]
[EventCountry "GER"]
[SourceTitle "playchess.com"]
[Source "ChessBase"]
[SourceQuality "1"]
[TimeControl "40/5400+30:1800+30"]

1. d4 g6 2. e4 Bg7 3. Nc3 d6 4. Nf3 a6 5. a4 Nd7 6. Bc4 e6 7. Bg5 Ne7 8. a5 h6 9. Be3 Nf6 10. Bb3 O-O 11. Qd2 Kh7 12. h3 b5 13. axb6 cxb6 14. Nh2 d5 15. e5 Nfg8 16. f4 Nc6 17. Nf3 Na5 18. h4 f5 19. h5 Ne7 20. Bf2 Qe8 21. Bh4 gxh5 22. Bxe7 Qxe7 23. Rxh5 Kg8 24. Qf2 Kf7 25. Nxd5 exd5 26. Bxd5+ Be6 27. Rxf5+ Kg8 28. Rxf8+ Rxf8 29. Bxe6+ Qxe6 30. g3 Rc8 31. c3 Bf8 32. Nd2 Qf5 33. Qe2 Qg6 34. Kf2 Rc7 35. Ne4 Nc6 36. Rxa6 Ne7 37. Nf6+ Kf7 38. Rxb6 Ra7 39. Qc4+ Kg7 40. Qe2 Kh8 41. Qe4 Qf7 42. Rb8 Ng6 43. Qxg6 Qxg6 44. Rxf8+ Kg7 45. Rg8+ Kf7 46. Rxg6 Kxg6 47. Ke3 h5 48. d5 Ra2 49. b4 Rc2 50. Kd4 1-0

[Event "26th OIBM 2023"]
[Site "Gmund am Tegernsee"]
[Date "2023.11.05"]
[Round "9.42"]
[White "Fauth, Dietmar"]
[Black "Ohler, Julius"]
[Result "0-1"]
[ECO "B12"]
[WhiteElo "2048"]
[BlackElo "2273"]
[Annotator "RC"]
[PlyCount "52"]
[EventDate "2023.10.04"]
[EventType "swiss"]
[EventCountry "GER"]
[SourceTitle "playchess.com"]
[Source "ChessBase"]
[SourceQuality "1"]
[TimeControl "40/5400+30:1800+30"]

1. e4 c6 2. d4 d5 3. e5 Bf5 4. Nf3 e6 5. Be2 Nd7 6. O-O a5 7. a4 f6 8. c4 fxe5 9. dxe5 Bc5 10. Nbd2 Ne7 11. Nb3 Ba7 12. Nbd4 O-O 13. Bg5 h6 14. Bxe7 Qxe7 15. Nxf5 Rxf5 16. Bd3 Rf7 17. cxd5 exd5 18. Bg6 Rf4 19. g3 Rb4 20. Qe2 Qe6 21. Bb1 Re8 22. Re1 Nc5 23. Qc2 Ne4 24. Re2 Rf8 25. Kg2 Rxf3 26. Kxf3 Ng5+ 0-1

[Event "26th OIBM 2023"]
[Site "Gmund am Tegernsee"]
[Date "2023.11.05"]
[Round "9.43"]
[White "Klings, Peter"]
[Black "Weber, Samuel"]
[Result "1/2-1/2"]
[ECO "A30"]
[WhiteElo "2045"]
[BlackElo "2267"]
[Annotator "RC"]
[PlyCount "77"]
[EventDate "2023.10.04"]
[EventType "swiss"]
[EventCountry "GER"]
[SourceTitle "playchess.com"]
[Source "ChessBase"]
[SourceQuality "1"]
[TimeControl "40/5400+30:1800+30"]

1. Nf3 Nf6 2. c4 b6 3. g3 Bb7 4. Bg2 e6 5. O-O c5 6. Nc3 Be7 7. Re1 d6 8. e4 a6 9. d4 cxd4 10. Qxd4 Nc6 11. Qd2 Ne5 12. b3 Nxf3+ 13. Bxf3 O-O 14. Ba3 Qc7 15. Rac1 Rac8 16. Qe3 Nd7 17. Na4 Rfe8 18. Bg2 h6 19. h4 Bc6 20. Nc3 Qb8 21. Red1 Nc5 22. b4 Na4 23. b5 Nxc3 24. Rxc3 axb5 25. cxb5 Bxb5 26. Rxc8 Qxc8 27. Bxd6 Bxd6 28. Rxd6 Qc5 29. Qxc5 bxc5 30. Bf1 Bxf1 31. Kxf1 Ra8 32. Rc6 Rxa2 33. Rxc5 Ra4 34. f3 g6 35. Rc2 Kg7 36. Kf2 g5 37. hxg5 hxg5 38. Rc5 Kf6 39. g4 1/2-1/2

[Event "26th OIBM 2023"]
[Site "Gmund am Tegernsee"]
[Date "2023.11.05"]
[Round "9.44"]
[White "Deglmann, Ludwig"]
[Black "Kroneder, Christian"]
[Result "1-0"]
[ECO "A11"]
[WhiteElo "2243"]
[BlackElo "2042"]
[Annotator "RC"]
[PlyCount "49"]
[EventDate "2023.10.04"]
[EventType "swiss"]
[EventCountry "GER"]
[SourceTitle "playchess.com"]
[Source "ChessBase"]
[SourceQuality "1"]
[TimeControl "40/5400+30:1800+30"]

1. c4 c6 2. Nf3 d5 3. e3 Nf6 4. Nc3 e6 5. b3 Nbd7 6. Qc2 Bd6 7. Bb2 O-O 8. Be2 b6 9. g4 Nxg4 10. Rg1 f5 11. h3 Ngf6 12. Nd4 Ne5 13. f4 Ng6 14. Nxc6 Qd7 15. cxd5 Bb7 16. Bf3 exd5 17. Nd4 Rac8 18. Qxf5 Qf7 19. Qe6 Qxe6 20. Nxe6 Rfe8 21. f5 Ne5 22. Rxg7+ Kh8 23. Rxb7 Nxf3+ 24. Ke2 Ne5 25. Nb5 1-0